 Dungeon Crawl Stone Soup version 0.31-a0-117-g42d8f58691 (webtiles) character file.

Game seed: 10182893502153588982

210 mopl the Vexing (level 5, 0/30 HPs)
             Began as a Deep Elf Enchanter on May 30, 2023.
             Slain by Edmund (4 damage)
             ... on level 6 of the Dungeon.
             The game lasted 00:04:10 (2720 turns).

mopl the Vexing (Deep Elf Enchanter)                Turns: 2720, Time: 00:04:10

Health: 0/30       AC:  3    Str:  5    XL:     5   Next: 56%
Magic:  5/13       EV: 12    Int: 22    God:
Gold:   227        SH:  0    Dex: 15    Spells: 4/12 levels left

rFire   . . .        a - +1 dagger
rCold   . . .        (no shield)
rNeg    . . .        b - +0 robe
rPois   .            (no helmet)
rElec   .            q - +0 cloak
rCorr   .            (no gloves)
SInv    .            (no boots)
Will    .....        (no amulet)
Stlth   +++          (no ring)
HPRegen 0.25/turn    (no ring)
MPRegen 0.13/turn

%: no passive effects
@: confusing by touch
A: no striking features
a: no special abilities


You were on level 6 of the Dungeon.
You visited 1 branch of the dungeon, and saw 5 of its levels.

You collected 227 gold pieces.

Inventory:

Hand Weapons
 a - a +1 dagger (weapon)
Armour
 b - a +0 robe (worn)
 q - a +0 cloak (worn)
Scrolls
 f - 6 scrolls of teleportation {unknown}
 g - 3 scrolls of enchant weapon {unknown}
 i - 5 scrolls of identify {unknown}
 k - a scroll of silence {unknown}
 l - a scroll of fog {unknown}
 m - 2 scrolls of magic mapping {unknown}
 o - a scroll of enchant armour {unknown}
Potions
 c - 2 potions of invisibility
 d - 2 potions of heal wounds {unknown}
 e - a potion of magic {unknown}
 h - a potion of experience {unknown}
 j - a potion of resistance {unknown}
 n - a potion of haste {unknown}
 p - a potion of attraction {unknown}
 r - a potion of lignification {unknown}
 s - 2 potions of curing {unknown}


   Skills:
 + Level 1.7 Fighting
 + Level 2.5 Short Blades
 - Level 2.4 Dodging
 + Level 4.9 Stealth
 + Level 4.4 Spellcasting
 + Level 5.1 Hexes


You had 4 spell levels left.
You knew the following spells:

 Your Spells              Type           Power      Damage    Failure   Level
b - Ensorcelled Hibernat  Hex/Ice        32%        N/A       5%          2
c - Confusing Touch       Hex            27%        N/A       3%          3
d - Tukima's Dance        Hex            27%        N/A       3%          3

Your spell library contained the following spells:

 Spells                   Type           Power      Damage    Failure   Level
 Kiss of Death            Conj/Necr      16%        2d6       11%         1
 Dazzling Flash           Conj/Hex       32%        N/A       11%         3
 Hailstorm                Conj/Ice       4%         3d4       32%         3
 Dispel Undead            Necr           4%         3d7       71%         4
 Ice Form                 Ice/Tmut       4%         N/A       71%         4
 Simulacrum               Ice/Necr       2%         N/A       100%        6


Dungeon Overview and Level Annotations

Branches:
Dungeon (4/15)
 Temple: D:4-7

Altars:
Fedhas
Okawaru
Uskayaw

Annotations:
D:6 Edmund


Message History

Edmund looks drowsy...
The helpless Edmund fails to defend himself.
You puncture Edmund!
Edmund is moderately wounded.
Edmund barely misses you.
You hit Edmund.
Edmund is heavily wounded.
Edmund hits you but does no damage.
You hit Edmund but do no damage.
Edmund is heavily wounded.
Edmund closely misses you.
You closely miss Edmund.
Edmund is heavily wounded.
The orc priest invokes the aid of Beogh against you.
Beogh smites you! Edmund hits you.
You hear a shout!
You barely miss Edmund.
Edmund is heavily wounded.
Casting: Ensorcelled Hibernation (safe; 5% risk of failure)
Confirm with . or Enter, or press ? or * to list all spells.
Your hands begin to glow red.
Edmund hits you but does no damage.
You hit Edmund but do no damage.
Edmund is heavily wounded.
Edmund misses you.
You hit Edmund but do no damage.
Edmund is heavily wounded.
An orc priest comes into view. It is wielding a +0 whip.
Edmund hits you but does no damage.
You hit Edmund but do no damage.
Edmund is heavily wounded.
The orc priest mumbles some strange prayers to Beogh against you.
Beogh smites you!
* * * LOW HITPOINT WARNING * * *
Edmund hits you.
* * * LOW HITPOINT WARNING * * *
You hear a shout!
You closely miss Edmund.
Edmund is heavily wounded.
Edmund hits you.
You die...

####........##
##...##
#.########
#....# #..#
##.... #..#
##... #..# ##..
##.# ##### #..
#.# ##...## #..
#.# #.....## #..
#@###......# ##.
#@##.......## ..
#o#.........#
...
#o...........#
##
#.....(........#
#........).....#
#.......o...#..#
#..#.........⌠S#
##.#........#...


You could see Edmund and 2 orc priests.

Vanquished Creatures
  A bullfrog (D:6)
  An iguana (D:6)
  Ijyb (D:3)
  5 adders
  A worm (D:2)
  A dart slug (D:1)
  An orc (D:4)
  5 ball pythons
  4 endoplasms
  6 giant cockroaches
  3 goblins
  2 hobgoblins
  2 kobolds
  3 quokkas
  4 bats
  3 frilled lizards
  3 rats
46 creatures vanquished.

Vanquished Creatures (others)
  A dancing weapon (D:6)
1 creature vanquished.

Grand Total: 47 creatures vanquished

Notes
Turn   | Place    | Note
-------+----------+-------------------------------------------
     0 | D:1      | mopl the Deep Elf Enchanter began the quest for the Orb.
     0 | D:1      | Reached XP level 1. HP: 10/10 MP: 6/6
   131 | D:1      | Reached XP level 2. HP: 16/16 MP: 8/8
   138 | D:1      | Learned a level 2 spell: Ensorcelled Hibernation
   964 | D:2      | Reached skill level 4 in Stealth
  1045 | D:2      | Reached XP level 3. HP: 10/20 MP: 1/9
  1136 | D:2      | Learned a level 3 spell: Confusing Touch
  1140 | D:2      | Learned a level 3 spell: Tukima's Dance
  1662 | D:3      | Reached skill level 1 in Fighting
  1792 | D:3      | Found a blossoming altar of Fedhas.
  1814 | D:3      | Reached XP level 4. HP: 22/25 MP: 11/11
  1926 | D:3      | Found an iron altar of Okawaru.
  1935 | D:3      | Found a hide-covered altar of Uskayaw.
  1954 | D:3      | Noticed Ijyb
  2107 | D:3      | Killed Ijyb
  2108 | D:3      | Reached skill level 2 in Short Blades
  2440 | D:4      | Noticed a scorpion
  2505 | D:4      | Reached skill level 4 in Spellcasting
  2506 | D:4      | You fall into a shaft and drop 2 floors!
  2613 | D:6      | Reached XP level 5. HP: 24/29 MP: 10/13
  2655 | D:6      | Reached skill level 5 in Hexes
  2695 | D:6      | Noticed Edmund
  2698 | D:6      | Noticed an orc warrior
  2720 | D:6      | Slain by Edmund

Illustrated notes

Levels and vault maps discovered:
D:1:      ncdulo_watergridlock, layout_basic, minmay_misc_feat_alley
D:2:      layout_basic
D:3:      layout_loops_ring, lemuel_round_altar,
          mainiacjoe_overflow_catwalk_spiral, hangedman_decor_slide_cut,
          nicolae_concentric_dashed_squares_mild, uniq_ijyb
D:4:      layout_basic, led_sif_book, serial_park_tiny_2, uniq_sigmund
D:6:      layout_cave_pods, evilmike_ruin_ashenzari, kennysheep_little_box,
          serial_column_ruins, column_ruins_open_medium, column_ruins_open_tiny,
          column_ruins_open_small, column_ruins_columns_straight,
          column_ruins_open_small, uniq_eustachio, uniq_edmund

Skill      XL: |  1  2  3  4  5 |
---------------+----------------+-----
Stealth        | 4 |  4.9
Fighting       | 1 |  1.7
Short Blades   | 2 |  2.5
Spellcasting   | 4 |  4.4
Hexes          | 5 |  5.1
Dodging        | |  2.4

Action                     |  1- 3 |  4- 6 || total
---------------------------+-------+-------++-------
  Melee: Dagger            |    88 |    32 ||   120
         Punch             |     1 |       ||     1
   Cast: Ensorcelled Hiber |    12 |    12 ||    24
         Confusing Touch   |       |     2 ||     2
         Tukima's Dance    |       |     1 ||     1
   Stab: Sleeping          |    18 |    10 ||    28
 Armour: Robe              |    11 |     4 ||    15
  Dodge: Dodged            |    49 |    19 ||    68

Table legend: (Time is in decaauts)
 A = Elapsed time spent in this place.
 B = Non-inter-level travel time spent in this place.
 C = Inter-level travel time spent in this place.
 D = Time resting spent in this place.
 E = Time spent auto-exploring this place.
 F = Levels seen in this place.
 G = Mean time per level.
                   A        B        C        D        E       F      G
               +--------+--------+--------+--------+--------+-----+--------+
         Total |   2710 |   2603 |    107 |    201 |   1957 |   5 |  542.0 |
       Dungeon |   2710 |   2603 |    107 |    201 |   1957 |   5 |  542.0 |
               +--------+--------+--------+--------+--------+-----+--------+

Top non-repeatable levels by time:
     D:2: 943 daAuts
     D:3: 802 daAuts
     D:1: 702 daAuts
     D:6: 212 daAuts
     D:4: 50 daAuts
